 Dungeon Crawl Stone Soup version 0.29.1-12-g30fa7ad0bf (webtiles) character file.

Game seed: 12498436764979788808

280 tkbsonic5 the Ruffian (level 6, 0/51 HPs)
             Began as a Draconian Transmuter on Jan 8, 2023.
             Was an Initiate of Yredelemnul.
             Succumbed to a scorpion's poison
             ... on level 4 of the Dungeon.
             The game lasted 00:13:01 (2778 turns).

tkbsonic5 the Ruffian (Draconian Transmuter)        Turns: 2778, Time: 00:13:01

Health: 0/51       AC:  6    Str: 12 (14) XL:     6   Next: 5%
Magic:  7/9        EV: 12    Int: 11 (13) God:    Yredelemnul [......]
Gold:   139        SH:  0    Dex: 10 (12) Spells: 4/10 levels left

rFire   . . .      SeeInvis .   f - +0 spear
rCold   . . .      Faith    .   (no shield)
rNeg    . . .      Spirit   .   (body armour unavailable)
rPois   .          Reflect  .   (helmet currently unavailable)
rElec   .          Harm     .   (no cloak)
rCorr   .          Rampage  .   (no gloves)
Will    .....                   (boots currently unavailable)
Stlth   +.........              (no amulet)
HPRegen 0.17/turn               (no ring)
MPRegen 0.11/turn               (no ring)

@: lethally poisoned (0 -> -10), appendages
A: horns 2, talons 2, AC +6, unfitting armour, cold-blooded
a: End Transformation, Renounce Religion, Recall Undead Harvest


You were on level 4 of the Dungeon.
You worshipped Yredelemnul.
Yredelemnul was noncommittal.
You had temporarily grown beastly horns and talons.
You visited 1 branch of the dungeon, and saw 4 of its levels.

You collected 139 gold pieces.

Inventory:

Hand Weapons
 a - a +0 halberd
 b - a +0 battleaxe
 d - a +0 whip
 f - a +0 spear (weapon)
Wands
 m - a wand of digging (5)
Scrolls
 e - a scroll of silence
 g - a scroll of teleportation {unknown}
 h - a scroll of butterflies
 i - a scroll of immolation


   Skills:
 * Level 3.0 Fighting
 * Level 3.0 Dodging
 - Level 3.7 Unarmed Combat
 + Level 2.6 Spellcasting
 * Level 3.2 Transmutations
 * Level 1.5 Poison Magic
 + Level 1.1 Invocations


You had 4 spell levels left.
You knew the following spells:

 Your Spells              Type           Power      Damage    Failure   Level
a - Beastly Appendage     Tmut           16%        N/A       8%          1
b - Wereblood             Tmut           8%         N/A       11%         2
c - Spider Form           Tmut/Pois      6%         N/A       30%         3

Your spell library contained the following spells:

 Spells                   Type           Power      Damage    Failure   Level
 Ice Form                 Ice/Tmut       5%         N/A       80%         4


Dungeon Overview and Level Annotations

Branches:
Dungeon (4/15)
 Temple: D:4-7

Altars:
Xom
Yredelemnul

Shops:
D:3 (


Innate Abilities, Weirdness & Mutations

You have temporarily grown beastly horns and talons.
Your plain brown scales are hard. (AC +6)
You cannot fit into any form of body armour.
You are cold-blooded and may be slowed by cold attacks.


Message History

Your punch misses the scorpion.
The scorpion is severely wounded.
You feel very sick.
The scorpion stings you but does no damage.
Okay, then.
You are too injured to fight recklessly!
Casting: Beastly Appendage (safe; 7% risk of failure)
Confirm with . or Enter, or press ? or * to list all spells.
You grow a pair of large bovine horns.
Your feet morph into talons.
You feel sick. The scorpion stings you.
* * * LOW HITPOINT WARNING * * *
You are lethally poisoned!
The scorpion poisons you! The scorpion completely misses you.
You hit the scorpion but do no damage. You claw the scorpion.
You kill the scorpion!
The dead are crawling!
* * * LOW HITPOINT WARNING * * *
You feel very sick.
Your Fighting skill increases to level 3!
Your Dodging skill increases to level 3!
Your Invocations skill increases to level 1!
You have reached level 6!
Your scales feel tougher.
There is a lethal amount of poison in your body!
There is a lethal amount of poison in your body!
It was a potion of degeneration.
There was something very wrong with that liquid.
You feel weakened.
You feel dopey.
You feel clumsy.
* * * LOW HITPOINT WARNING * * *
You feel very sick.
As you read the scroll labelled JESED HOPPYSUL, it crumbles to dust.
You hear a loud clanging noise!
It was a scroll of noise.
* * * LOW HITPOINT WARNING * * *
You feel sick.
You hear an angry hiss.
As you read the scroll labelled ENNUILL KAHUR, it crumbles to dust.
You feel a surge of unholy energy.
It was a scroll of torment.
You die...
Your body rises from the dead as a mindless zombie.

#...## .#... ##....##
#.........# ##......#
.........##
........## ..........
.......#.##......<..
.........).........
#.................
##......#..##.##.##
.......##..##.#.@.#
..............#.Z.###
.........##.#.......#
#........####.......#
.........##....#...##
..............###.##
...........#### ###
#..........
#..#....#..


You could see a friendly scorpion zombie.

Vanquished Creatures
  2 scorpions (D:4)
  2 hounds (D:4)
  2 adders (D:3)
  3 gnolls (D:3)
  5 orcs
  2 endoplasms
  A giant cockroach (D:2)
  6 hobgoblins
  6 jackals
  5 kobolds (D:1)
  A quokka (D:1)
  4 ball pythons
  3 bats
  3 frilled lizards
  3 goblins
  2 rats (D:1)
50 creatures vanquished.

Vanquished Creatures (collateral kills)
  A jackal (D:3)
  A kobold (D:3)
2 creatures vanquished.

Vanquished Creatures (others)
  An adder zombie (D:3)
  A hobgoblin zombie (D:3)
  A jackal zombie (D:4)
  2 orc zombies (D:3)
5 creatures vanquished.

Grand Total: 57 creatures vanquished

Notes
Turn   | Place    | Note
-------+----------+-------------------------------------------
     0 | D:1      | tkbsonic5 the Draconian Transmuter began the quest for the
                  | Orb.
     0 | D:1      | Reached XP level 1. HP: 16/16 MP: 3/3
   406 | D:1      | Reached XP level 2. HP: 23/23 MP: 3/5
   431 | D:1      | Learned a level 2 spell: Wereblood
  1153 | D:2      | Found a faded altar of an unknown god.
  1325 | D:2      | Found a basalt altar of Yredelemnul.
  1333 | D:2      | Became a worshipper of Yredelemnul the Dark
  1549 | D:3      | Reached XP level 3. HP: 27/29 MP: 2/6
  1577 | D:3      | Reached XP level 4. HP: 15/36 MP: 4/7
  1646 | D:3      | Learned a level 3 spell: Spider Form
  1987 | D:3      | Reached * piety under Yredelemnul
  2142 | D:3      | Found Reucsot's Antique Weapon Emporium.
  2402 | D:4      | Found a shimmering altar of Xom.
  2493 | D:4      | Reached XP level 5. HP: 41/42 MP: 6/8
  2535 | D:4      | Reached skill level 1 in Poison Magic
  2776 | D:4      | Reached skill level 1 in Invocations
  2776 | D:4      | Reached XP level 6. HP: 8/51 MP: 6/9
  2778 | D:4      | Succumbed to a scorpion's poison

Illustrated notes

Levels and vault maps discovered:
D:1:      dpeg_arrival_circle_labyrinth_c, layout_rooms
D:2:      layout_basic, shapermc_ecumenical_altar_flowoftime, basic_altar,
          uniq_terence
D:3:      minmay_spotlight, layout_basic, serial_shops, nicolae_shop_statue_plus
D:4:      layout_cave_pools, nicolae_overflow_crystal_walls,
          minmay_misc_feat_pillars

Skill      XL: |  1  2  3  4  5 |
---------------+----------------+-----
Dodging        | 2 3 |  3.0
Fighting       | 2 3 |  3.0
Transmutations | 3 |  3.2
Poison Magic   | 1 |  1.5
Invocations    | 1 |  1.1
Unarmed Combat | |  3.7
Spellcasting   | |  2.6

Action                   |  1- 3 |  4- 6 || total
-------------------------+-------+-------++-------
Melee: Spear             |    91 |    11 ||   102
       Unarmed           |     4 |       ||     4
       Kick              |     9 |     9 ||    18
       Tailslap          |    10 |     8 ||    18
       Punch             |     1 |       ||     1
       Headbutt          |     6 |     5 ||    11
       Halberd           |       |    42 ||    42
 Cast: Beastly Appendage |    18 |    13 ||    31
       Wereblood         |     2 |       ||     2
  Use: Scroll            |     4 |     4 ||     8
       Potion            |     3 |     3 ||     6
Armor: Skin              |    16 |    14 ||    30
Dodge: Dodged            |    58 |    34 ||    92
